 Dungeon Crawl Stone Soup version 0.10.0-14-ga75c42d character file.

646101 delta the Skullcrusher (level 27, -7/249 HPs)
             Began as a Minotaur Fighter on Feb 27, 2012.
             Was a High Priest of Okawaru.
             Mangled by Evusm the pandemonium lord (20 damage)
             ... in Pandemonium on Feb 29, 2012.
             The game lasted 16:15:18 (119405 turns).

delta the Skullcrusher (Minotaur Fighter)         Turns: 119405, Time: 16:15:20

HP  -7/249       AC 42     Str 33      XL: 27
MP  34/34        EV  7     Int  7      God: Okawaru [*****.]
Gold 5047        SH  0     Dex 11      Spells:  0 memorised, 26 levels left

Res.Fire  : + + +   See Invis. : .   H - +5,+7 sacred scourge (holy)
Res.Cold  : + + +   Warding    : . . Z - +2 gold dragon armour
Life Prot.: . . .   Conserve   : +   t - +3 dwarf large shield {rPois} {god gift}
Res.Acid. : . . .   Res.Corr.  : .   d - +0 cap {Int+3}
Res.Poison: +       Clarity    : .   E - +3 cloak "Sidiqaph" {+Lev Stlth++}
Res.Elec. : .       Spirit.Shd : .   U - +2 pair of gloves of Peek-a-Boo {god gift,
Sust.Abil.: + .     Stasis     : .   I - +2 pair of dwarf boots {run} {god gift}
Res.Mut.  : .       Ctrl.Telep.: .   p - amulet of conservation
Res.Rott. : .       Levitation : .   v - ring "Rothriff" {SustAb +Blink +Rage Dam+5 Saprovore : . . . Ctrl.Flight: . q - ring of Wierasiysu {Hunger- rC+}

@: confused, quick, quite resistant to hostile enchantments, extremely
unstealthy
A: retaliatory headbutt, horns 2, -10% hp, slow healing 1, Str -1, Int -1, Dex
-1
a: Heroism, Finesse, Renounce Religion, Evoke Blink, Evoke Berserk Rage, Evoke
Levitation
}: 5/15 runes: decaying, serpentine, slimy, silver, abyssal


You were in Pandemonium.
You worshipped Okawaru.
Okawaru was exalted by your worship.
You were very full.

You visited 13 branches of the dungeon, and saw 81 of its levels.
You visited Pandemonium 1 time, and saw 2 of its levels.
You visited the Abyss 2 times.
You visited 1 Labyrinth.
You visited 4 portal chambers: ice cave, bailey, wizlab, trove.

You collected 10951 gold pieces.
You spent 5924 gold pieces at shops.

Inventory:

Hand weapons
 H - a +5,+7 sacred scourge of holy wrath (weapon)
Missiles
 a - 9 +3 javelins of penetration (quivered) {god gift}
 h - 8 silver +3 javelins {god gift}
Armour
 d - a +0 cap of intelligence (worn)
 t - a +3 dwarven large shield of poison resistance (worn) {god gift}
 E - the +3 cloak "Sidiqaph" (worn) {+Lev Stlth++}
   (You acquired it in the Abyss)

   It lets you levitate.
   It makes you much more stealthy.
 I - a +2 pair of dwarven boots of running (worn) {god gift}
 U - the +2 pair of gloves of Peek-a-Boo (worn) {god gift, rF++ rC+ Str+2}
   (Okawaru gifted it to you on level 5 of the Crypt)

   It affects your strength (+2).
   It greatly protects you from fire.
   It protects you from cold.
 Z - a +2 gold dragon armour (worn)
Magical devices
 b - a wand of fire (7)
 i - a wand of disintegration (5)
 k - a wand of lightning (3)
 r - a wand of teleportation (7)
 C - a wand of draining (4)
 O - a wand of cold (7)
 P - a wand of heal wounds (3)
 Q - a wand of digging (2)
Comestibles
 g - 7 honeycombs
 n - 2 royal jellies
Scrolls
 c - a scroll of blinking
 j - 5 scrolls of detect curse
 m - 17 scrolls of identify
 D - 4 scrolls of magic mapping
 J - 5 scrolls of recharging
 N - 6 scrolls of fog
 T - a scroll of teleportation
 X - 6 scrolls of remove curse
Jewellery
 e - an uncursed amulet of warding
 f - an uncursed ring of teleport control
 o - an uncursed ring of see invisible
 p - an amulet of conservation (around neck)
 q - the ring of Wierasiysu (left hand) {Hunger- rC+}
   (You bought it in a shop on level 25 of the Dungeon)

   [ring of sustenance]

   It protects you from cold.
 u - a +0,+8 ring of slaying
 v - the ring "Rothriff" (right hand) {SustAb +Blink +Rage Dam+5}
   (You bought it in a shop on level 4 of the Orcish Mines)

   [ring of sustain abilities]

   It affects your damage-dealing abilities (+5).
   It lets you blink.
   It lets you go berserk.
 w - an uncursed ring of life protection
 y - an uncursed amulet of resist corrosion
 z - an uncursed ring of protection from magic
 A - an uncursed amulet of clarity
 K - an uncursed ring of protection from cold
 L - an uncursed ring of invisibility
 R - an uncursed ring of poison resistance
 V - the ring "Sytzat" {+Lev Str+3}
   (You found it in a treasure trove)

   [ring of levitation]

   It affects your strength (+3).
 W - an uncursed ring of protection from fire
 Y - an uncursed amulet of stasis
Potions
 l - 31 potions of curing
 s - 5 potions of agility
 x - 18 potions of heal wounds
 F - 11 potions of restore abilities
 G - 11 potions of might
 M - 3 potions of resistance
 S - 3 potions of speed


   Skills:
 O Level 27 Fighting
 - Level 2,1 Long Blades
 - Level 2,6 Axes
 O Level 27 Maces & Flails
 + Level 16,0 Throwing
 O Level 27 Armour
 - Level 4,1 Dodging
 - Level 0,8 Stealth
 O Level 27 Shields
 + Level 15,8 Traps & Doors
 + Level 12,5 Invocations
 + Level 6,1 Evocations


You had 26 spell levels left.
You didn't know any spells.

Dungeon Overview and Level Annotations

Branches:
Dungeon (27/27)            Temple (1/1) D:4             Orc (4/4) D:11
    Elf (5/5) Orc:4          Lair (8/8) D:9           Swamp (5/5) Lair:3
  Slime (6/6) Lair:8        Snake (5/5) Lair:5        Vault (8/8) D:14
  Blade (1/1) Vault:4       Crypt (5/5) Vault:4        Tomb (0/3) Crypt:3
   Hell (1/1)                 Dis (0/7) Hell            Geh (0/7) Hell
    Coc (0/7) Hell            Tar (0/7) Hell            Zot (5/5) D:27

Altars:
Ashenzari
Cheibriados
Elyvilon
Fedhas
Kikubaaqudgha
Makhleb
Nemelex Xobeh
Okawaru
Sif Muna
The Shining One
Trog
Vehumet
Xom
Yredelemnul
Zin
Jiyva

Shops:
D:12: * D:23: ! D:24: [*[* D:25: =( D:26: *?! Orc:1: = Orc:3: = Orc:4: [*?/ Elf:2: ?/ Elf:5: * Snake:3: = Snake:4: * Vault:1: ! Vault:2: * Vault:3: + Vault:8: (

Portals:
Hell: D:21 D:22 D:23 D:24 D:25 D:26 D:27
Abyss: D:22 D:24 D:25
Pan: D:22 D:24 D:25
Ziggurat: D:14 (5480 gp)

Annotations
Lair:5 exclusion: 4 oklob plants
Crypt:3 exclusion: curse skull
Crypt:4 exclusion: curse skull
Crypt:5 exclusion: curse skull


Innate Abilities, Weirdness & Mutations

You reflexively headbutt those who attack you in melee.
You have a pair of horns on your head.
You are clumsy (Dex -1).
You are dopey (Int -1).
You are frail (-10% HP).
You heal slowly.
You are weak (Str -1).


Message History

* * * LOW HITPOINT WARNING * * *
You avoid triggering a bolt trap.
You found a teleport trap!
Evusm hits you but does no damage.
You feel strangely stable.
There is a bolt trap here.
You avoid triggering a bolt trap.
Evusm hits you but does no damage.
You blink.
You avoid triggering an arrow trap.
There is an arrow trap here.
Zapping:
P - a wand of heal wounds (5)
Press: ? - help, Shift-Dir - straight line, f - you Nothing appears to happen.
This wand has 4 charges left.
A hand axe hits Evusm!
Zapping:
P - a wand of heal wounds (4)
Press: ? - help, Shift-Dir - straight line, f - you Nothing appears to happen.
This wand has 3 charges left.
Evusm sneers, "I shall feast on thy neck!"
Evusm hits you.
* * * LOW HITPOINT WARNING * * *
Space bends around you.
* * * LOW HITPOINT WARNING * * *
Evusm hits you!
You die...

############## #............#
#.##########.# #.#.'.'.'.##.#
#.#'######.#.# #.#.#^§&@#'#.#
#######.#'#^.^^#.#.## #####
#.......#.#^(.^#'#..# #....
#.......#'#^^^^'.#..# #....
#.......#)########..# #....
#.......##.'.'.'.'..# #....
#.......##########..# #....
#∩..................#######..∩.
#..............................


You could see Evusm.

Vanquished Creatures
  the royal jelly (Slime:6)
  4 ancient liches
  An orb of fire (Zot:3)
  Saint Roka (Crypt:3)
  Boris (twice) (Vault:8 Elf:5)
  the Lernaean hydra (Swamp:5)
  Norris (Vault:3)
  Mara (Vault:5)
  Geryon (Hell)
  4 golden dragons
  2 illusory
  Maras (Vault:5)
  Xtahua (Vault:6)
  7 liches
  2 Pit Fiends (Pan)
  3 Brimstone Fiends (Pan)
  A player illusion (Vault:5)
  A pandemonium lord (Pan)
  2 deep elf blademasters (Elf:5)
  3 ghost moths
  10 storm dragons
  2 titans (Vault:8)
  15 acid blobs
  10 shadow dragons
  A quicksilver dragon (Vault:7)
  Kirke (Vault:1)
  A kraken (Abyss)
  7 Ice Fiends
  Rupert (Lair:6)
  Agnes (Orc:4)
  3 daevas (Abyss)
  Frances (Snake:4)
  Roxanne (Vault:3)
  2 Shadow Fiends (Pan)
  A draconian monk (Zot:3)
  8 draconian knights
  2 Executioners
  5 frost giants
  5 ghouls
  Donald (Snake:5)
  The ghost of Mazaa the Destroyer, a mighty OpFE of Vehumet (Snake:2)
  3 draconian scorchers
  9 bone dragons
  Wiglaf (Snake:4)
  Louise (D:17)
  2 iron dragons (Vault:8)
  2 draconian zealots
  6 tentacled monstrosities
  30 stone giants
  3 angels (Abyss)
  11 azure jellies
  6 fire giants
  Dissolution (Slime:4)
  3 balrugs
  5 draconian shifters
  The ghost of kobite the Harbinger of Death, a powerful HODK of Yredelemnul (Lair:8)
  3 draconian annihilators (Zot:2)
  2 cacodemons (Abyss)
  2 draconian callers
  4 green draconians
  7 grey draconians
  5 curse skulls
  12 greater nagas
  5 Green Deaths
  Jozef (D:12)
  8 reapers
  The ghost of mws the Eclecticist, a powerful DEFE of Vehumet (Swamp:4)
  6 mottled draconians
  6 pale draconians
  4 deep elf annihilators (Elf:5)
  7 white draconians
  6 dire elephants (Lair:8)
  8 deep elf sorcerers
  Azrael (Snake:3)
  3 deep elf death magi (Elf:5)
  5 purple draconians
  4 yellow draconians
  5 black draconians
  4 red draconians
  7 ettins
  2 vampire knights
  4 deep elf master archers (Elf:5)
  Snorg (Vault:3)
  The ghost of Canard the Spry, a powerful SpSt of Okawaru (Lair:8)
  A minotaur (Lab)
  11 anacondas
  4 great orbs of eyes
  7 dragons
  2 eidola (Abyss)
  33 yaktaur captains
  29 vault guards
  3 storm dragon zombies
  A golden dragon zombie (Abyss)
  An anaconda (shapeshifter) (Crypt:3)
  2 anaconda zombies
  23 hydras
  9 death oozes
  Erica (D:12)
  5 ice dragons
  Harold (D:11)
  3 death cobs
  Josephine (D:11)
  11 dancing weapons
  8 alligators
  4 deep elf demonologists
  Nessos (D:12)
  8 ogre magi
  3 sphinx zombies
  2 anaconda skeletons (Abyss)
  2 fire giant zombies (Vault:8)
  8 death yaks
  9 hell hogs
  6 deep elf high priests (Elf:5)
  2 sphinx skeletons
  21 deep trolls
  2 draconian zombies
  6 elves (shapeshifter)
  4 very ugly things
  7 rakshasas
  Nergalle (Vault:1)
  A dire elephant zombie (Crypt:2)
  6 frost giant skeletons
  2 iron dragon skeletons
  4 stone giant zombies
  6 stone giant skeletons
  21 centaur warriors
  3 iron golems
  2 orc high priests
  2 fire giant skeletons
  5 soul eaters
  10 ice devils
  110 slime creatures
  10 sun demons
  A giant orange brain (shapeshifter) (Elf:2)
  125 skeletal warriors
  7 shadow wraiths
  8 iron trolls
  A dire elephant skeleton (Crypt:2)
  4 pale draconian zombies
  2 alligator snapping turtle zombies (Crypt:2)
  14 flayed ghosts
  A red draconian zombie (Abyss)
  7 giant orange brains
  A yellow draconian zombie (Crypt:1)
  A death drake (Zot:3)
  A death yak zombie (Hell)
  10 unseen horrors
  10 hell knights
  55 large abominations
  The ghost of Wutend the Eternal Chronicler, a powerful NaFi of Cheibriados (Lair:6)
  A mottled draconian zombie (Abyss)
  14 naga warriors
  2 sea snake zombies (Abyss)
  2 black draconian zombies (Abyss)
  A green draconian zombie (Crypt:5)
  Erolcha (D:8)
  A white draconian zombie (Abyss)
  7 wizards
  2 alligator snapping turtle skeletons (Abyss)
  3 black draconian skeletons (Abyss)
  26 deep elf knights
  An iron troll zombie (D:21)
  A swamp dragon (shapeshifter) (D:27)
  4 ice statues
  2 shadow demons (Abyss)
  21 orc knights
  14 swamp dragons (Swamp:5)
  3 grey draconian skeletons (Abyss)
  A red draconian skeleton (Crypt:5)
  Pikel (D:4)
  14 hill giants
  8 giant amoebae
  2 purple draconian skeletons (Abyss)
  A white draconian skeleton (Crypt:2)
  2 siren zombies (Abyss)
  A minotaur zombie (Crypt:2)
  A hydra zombie (Hell)
  A yellow draconian skeleton (Crypt:4)
  2 death yak skeletons
  A hill giant (shapeshifter) (Vault:8)
  2 crystal golems (Crypt:5)
  Urug (Orc:4)
  3 iron troll skeletons
  2 mottled draconian skeletons
  3 sea snake skeletons (Abyss)
  15 necromancers
  6 orc sorcerers
  A lindwurm (shapeshifter) (Vault:8)
  3 hellions (Abyss)
  8 statues (Elf:1)
  A catoblepas zombie (Crypt:5)
  8 griffons
  A harpy skeleton (Vault:5)
  6 shining eyes
  19 phantasmal warriors
  8 red wasps
  4 flaming corpses
  A draconian (shapeshifter) (D:26)
  A griffon zombie (Abyss)
  8 cyclopes
  A guardian serpent zombie (Crypt:4)
  4 ettin zombies
  3 siren skeletons
  15 moths of wrath
  2 ice dragon zombies
  2 stone golems
  15 sixfirhies
  A trapdoor spider (shapeshifter) (D:17)
  Maurice (D:13)
  A hydra skeleton (D:16)
  An iron dragon simulacrum (Crypt:5)
  4 wolf spiders
  2 death drake skeletons
  15 guardian serpents
  2 fire crabs
  4 wolf spider zombies
  A catoblepas skeleton (Abyss)
  A red wasp zombie (Crypt:2)
  5 trapdoor spiders
  A guardian serpent skeleton (Hell)
  A trapdoor spider zombie (Crypt:4)
  4 spiny worms
  A frost giant simulacrum (Vault:4)
  A dragon zombie (Abyss)
  2 elephant slugs
  2 slime creatures (shapeshifter)
  6 feature mimics
  An eye of devastation (shapeshifter) (Vault:8)
  4 eyes of devastation
  6 hell beasts (Hell)
  2 griffon skeletons (Abyss)
  A giant firefly zombie (Crypt:4)
  3 dragon skeletons (Abyss)
  5 ice dragon skeletons
  2 spiny worm zombies
  28 black mambas
  61 hellwings
  4 elephants (Lair:8)
  3 yaktaurs (shapeshifter)
  9 ettin skeletons
  A queen ant zombie (Crypt:3)
  34 orange demons
  An emperor scorpion zombie (Crypt:2)
  51 yaktaurs
  A sea snake simulacrum (Abyss)
  3 hill giant zombies
  Psyche (D:13)
  5 guardian mummies
  20 spiny frogs
  A pale draconian simulacrum (Crypt:4)
  7 komodo dragons
  5 rock trolls
  4 iron devils
  11 naga magi
  A red draconian simulacrum (Abyss)
  2 hill giant skeletons (Abyss)
  75 ugly things
  65 smoke demons
  A queen bee (Elf:3)
  A harpy simulacrum (D:18)
  Sonja (D:12)
  A troll (shapeshifter) (Elf:3)
  15 two-headed ogres
  2 spriggans (shapeshifter)
  3 efreeti
  A raven skeleton (Crypt:1)
  A wandering mushroom (Vault:2)
  3 silent spectres
  A siren simulacrum (Abyss)
  21 trolls
  10 brown oozes
  4 agate snail zombies
  A komodo dragon (shapeshifter) (Vault:8)
  3 rock troll zombies
  A human skeleton (D:23)
  2 spiny frog zombies (Crypt:2)
  6 baby alligators
  A blink frog (shapeshifter) (Vault:1)
  2 baby alligator zombies
  A rotting hulk (Crypt:2)
  2 redbacks
  11 blink frogs
  3 rock troll skeletons
  A bog mummy (Swamp:1)
  6 hairy devils
  A lindwurm zombie (Abyss)
  3 deep troll skeletons
  3 merfolk zombies (Abyss)
  29 wraiths
  3 demonic crawlers
  A snapping turtle skeleton (Crypt:2)
  5 basilisks
  4 vampires
  31 ynoxinuls
  A bumblebee (Vault:7)
  2 merfolk skeletons (Abyss)
  4 wyverns
  8 deep elf conjurers
  A blink frog zombie (Crypt:2)
  A swamp dragon skeleton (Abyss)
  22 blue devils
  A merfolk (shapeshifter) (D:27)
  2 fire elementals (Snake:3)
  2 blink frog skeletons
  4 chaos spawn
  Eustachio (D:10)
  9 golden eyes
  45 vampire mosquitoes
  8 hungry ghosts
  8 metal gargoyles (Hell)
  29 neqoxecs
  Grum (D:11)
  A clay golem (Abyss)
  79 yaks
  24 deep elf fighters
  A fire crab zombie (Vault:8)
  18 deep elf summoners
  3 hogs (Vault:1)
  An emperor scorpion simulacrum (Crypt:5)
  4 water elementals (Hell)
  A yaktaur zombie (D:15)
  8 hippogriffs
  The ghost of shackes the Archer, an average HEHu (D:7)
  6 fire drakes
  20 item mimics
  2 rock worms
  25 necrophages
  A giant slug zombie (Abyss)
  Menkaure (D:7)
  A mermaid skeleton (Crypt:5)
  A komodo dragon zombie (D:15)
  22 war dogs
  7 manticores
  3 soldier ants
  3 yaktaur skeletons
  4 red devils
  15 hell hounds
  22 insubstantial wisps
  14 deep elf priests
  6 mottled dragons
  55 swamp worms
  3 yak zombies
  An elf skeleton (Crypt:2)
  A kobold demonologist (D:17)
  A yellow wasp (Crypt:3)
  19 ice beasts
  16 freezing wraiths
  2 hippogriff zombies
  4 phantoms
  4 cyclops skeletons
  64 orc warriors
  49 ogres
  2 troll zombies
  A rock worm zombie (Vault:2)
  3 sky beasts
  70 small abominations
  A grizzly bear skeleton (Hell)
  10 rotting devils
  15 swamp drakes
  3 boring beetles
  58 nagas
  17 crocodiles
  The ghost of OctoMedic the Caller, an average HuSu (D:3)
  8 giant goldfish
  3 troll skeletons
  44 water moccasins
  A lava worm (Hell)
  9 brain worms
  34 big kobolds
  A war dog skeleton (Crypt:4)
  13 giant slugs
  A wolf skeleton (Crypt:4)
  24 centaurs
  A basilisk zombie (Crypt:1)
  19 deep elf magi
  23 giant frogs
  A silver statue (Elf:1)
  13 wargs
  7 giant leeches
  5 humans (D:14)
  A yellow wasp zombie (D:7)
  5 agate snails
  A centaur skeleton (Hell)
  A water moccasin zombie (Crypt:4)
  A basilisk skeleton (Vault:8)
  A water moccasin skeleton (D:8)
  4 giant frog skeletons
  A black bear skeleton (Crypt:1)
  A giant slug simulacrum (Abyss)
  2 warg skeletons
  4 boulder beetles
  8 eyes of draining
  A killer bee zombie (D:11)
  2 lava fish
  30 wights
  2 big kobold zombies
  6 fire bats (Abyss)
  6 jellyfish
  45 killer bees
  2 crocodile zombies
  5 ogre zombies
  20 electric eels
  3 goliath beetles
  A basilisk simulacrum (D:14)
  A big kobold skeleton (D:11)
  A mottled dragon zombie (Crypt:2)
  26 crimson imps
  A boulder beetle simulacrum (Crypt:5)
  10 quasits
  14 hounds
  49 orc priests
  3 big fish (Swamp:2)
  5 scorpions
  3 hound skeletons
  A naga zombie (Crypt:2)
  14 shadows
  A hound zombie (D:6)
  An iguana (shapeshifter) (D:22)
  5 iguanas
  53 iron imps
  5 orange rat zombies
  3 humans (shapeshifter)
  60 orc wizards
  5 porcupines
  9 worker ants
  32 deep elf soldiers
  2 naga skeletons
  8 orange rats
  2 swamp drake zombies
  4 orange rat skeletons (Hell)
  18 sheep
  23 jellies
  2 boggarts (shapeshifter)
  7 boggarts
  3 goliath beetle zombies
  6 mummies
  21 flying skulls
  35 adders
  8 gnolls
  An iguana zombie (D:9)
  77 lemures
  7 giant centipedes
  A giant centipede zombie (D:13)
  48 green rats
  6 giant mites
  2 orc zombies (D:10)
  A scorpion zombie (Crypt:1)
  2 halfling skeletons
  30 human zombies
  2 porcupine zombies
  73 midges
  A sheep zombie (Crypt:1)
  58 white imps
  7 shadow imps
  10 worms
  163 ufetubi
  10 grey rats
  7 giant eyeballs
  11 giant geckos
  A giant mite zombie (Crypt:1)
  5 oozes
  242 orcs
  6 ball pythons
  19 hobgoblins
  51 jackals
  A ball python skeleton (Crypt:1)
  48 bats
  16 giant cockroaches
  A giant gecko skeleton (D:12)
  7 giant newts
  A giant spore (D:11)
  21 goblins
  A goblin skeleton (Crypt:3)
  2 hobgoblin skeletons
  19 illusory rakshasas
  76 kobolds
  3 orc skeletons
  10 quokkas
  A quokka skeleton (D:4)
  A quokka zombie (D:6)
  39 rats
  A rat simulacrum (Crypt:4)
  5 spectral orcs (Vault:1)
  2 bushes
  13 fungi
  29 plants
  5 tentacles (Abyss)
  A tentacle segment (Abyss)
  11 toadstools
4740 creatures vanquished.

Vanquished Creatures (others)
  A large abomination (Abyss)
  A deep elf knight (Elf:3)
  A guardian serpent (Snake:5)
  A sixfirhy (Abyss)
  32 slime creatures
  A bog mummy (Swamp:1)
  A fire drake (Zot:3)
  A jumping spider (shapeshifter) (Vault:8)
  2 small abominations
  A deep elf mage (Elf:2)
  A water moccasin (Snake:1)
  A giant frog skeleton (Hell)
  A big kobold skeleton (D:27)
  A porcupine (Lair:2)
  An orc wizard (Vault:3)
  A deep elf soldier (Elf:3)
  2 orange rat skeletons (Hell)
  2 adders (Snake:5)
  4 lemures
  A giant centipede zombie (Crypt:5)
  A white imp (Port)
  3 ufetubi (Port)
  6 orcs
  A jackal (Lair:5)
  3 giant newts
  A grey rat zombie (Crypt:5)
  A kobold (D:9)
  A rat (Swamp:1)
  A rat skeleton (Crypt:5)
  A crawling corpse (Elf:5)
  2 plants (Lair:8)
  7 tentacles (Abyss)
  371 tentacle segments (Abyss)
  23 toadstools
479 creatures vanquished.

Grand Total: 5219 creatures vanquished

Notes
Turn   | Place    | Note
--------------------------------------------------------------
     0 | D:1      | delta, the Minotaur Fighter, began the quest for the Orb.
     0 | D:1      | Reached XP level 1. HP: 19/19 MP: 0/0
   214 | D:1      | Reached skill level 4 in Shields
   214 | D:1      | Reached XP level 2. HP: 24/26 MP: 0/0
  1147 | D:2      | Found a shattered altar of Ashenzari.
  1157 | D:2      | Got a conspicuous book
  1158 | D:2      | Identified Ashenzari's Almanac of Culinary Necromancy (You found it on level 2 of the Dungeon)
  1378 | D:3      | Reached XP level 3. HP: 33/33 MP: 1/1
  1518 | D:3      | Reached XP level 4. HP: 38/40 MP: 1/1
  1714 | D:3      | Reached skill level 1 in Dodging
  1751 | D:3      | Found a sparkling altar of Nemelex Xobeh.
  1828 | D:3      | Reached skill level 1 in Throwing
  1838 | D:3      | Noticed OctoMedic's ghost (average HuSu)
  1845 | D:3      | Killed OctoMedic's ghost
  1845 | D:3      | Reached XP level 5. HP: 34/46 MP: 1/1
  2626 | D:4      | Reached skill level 5 in Shields
  2650 | D:4      | Found a blossoming altar of Fedhas.
  2803 | D:4      | Reached XP level 6. HP: 46/53 MP: 2/2
  2815 | D:4      | Found a staircase to the Ecumenical Temple.
  2906 | Temple   | Entered the Ecumenical Temple
  3068 | D:4      | Noticed Pikel
  3094 | D:4      | Gained mutation: You are surrounded by a mild repulsion field (EV +2).
  3094 | D:4      | Gained mutation: You tend to lose your temper in combat.
  3094 | D:4      | Gained mutation: You digest meat inefficiently.
  3104 | D:4      | Killed Pikel
  3104 | D:4      | Reached skill level 5 in Armour
  3104 | D:4      | Reached skill level 6 in Shields
  3104 | D:4      | Reached XP level 7. HP: 54/60 MP: 2/2
  3253 | D:5      | Entered Level 5 of the Dungeon
  3447 | D:5      | Got a torn book
  3448 | D:5      | Identified the Tome of Stolen Souls (You found it on level 5 of the Dungeon)
  3515 | D:5      | Reached XP level 8. HP: 55/67 MP: 2/2
  3579 | D:5      | Reached skill level 5 in Fighting
  4423 | D:5      | Reached skill level 7 in Shields
  4592 | D:6      | Found a deep blue altar of Sif Muna.
  4711 | D:6      | Reached skill level 5 in Maces & Flails
  5495 | D:6      | Found a radiant altar of Vehumet.
  5658 | D:6      | Paralysed by a giant eyeball for 2 turns
  6008 | D:7      | Reached skill level 1 in Evocations
  6108 | D:7      | Noticed Menkaure
  6115 | D:7      | Killed Menkaure
  6115 | D:7      | Reached XP level 9. HP: 71/74 MP: 3/3
  6127 | D:7      | Noticed shackes' ghost (average HEHu)
  6141 | D:7      | Killed shackes' ghost
  6285 | D:7      | Reached skill level 8 in Shields
  6556 | D:7      | Reached skill level 1 in Traps & Doors
  6620 | D:7      | Reached skill level 9 in Shields
  6726 | D:7      | Reached XP level 10. HP: 54/82 MP: 3/3
  7088 | D:8      | Noticed Erolcha
  7146 | D:8      | Killed Erolcha
  7146 | D:8      | Reached skill level 10 in Shields
  7355 | D:8      | Found a shimmering altar of Xom.
  7510 | D:8      | Got a crude falchion
  7511 | D:8      | Identified the falchion "Merasmoo" {flame, +Inv} (You found it on level 8 of the Dungeon)
  7756 | D:8      | Found a basalt altar of Yredelemnul.
  7902 | D:8      | Reached skill level 11 in Shields
  8134 | D:8      | Noticed a three-headed hydra
  8144 | D:8      | Killed a hydra
  8144 | D:8      | Reached skill level 1 in Long Blades
  8527 | D:9      | Reached XP level 11. HP: 83/91 MP: 3/3
  8582 | D:9      | Found an ancient bone altar of Kikubaaqudgha.
  8600 | D:9      | Found an iron altar of Okawaru.
  8612 | D:9      | Became a worshipper of Warmaster Okawaru
  8806 | D:9      | Paralysed by a potion of paralysis for 4 turns
  8830 | D:9      | Found a staircase to the Lair.
  8925 | D:9      | Acquired Okawaru's first power
  8925 | D:9      | Reached skill level 10 in Maces & Flails
  9102 | D:10     | Entered Level 10 of the Dungeon
  9147 | D:10     | Reached skill level 12 in Shields
  9340 | D:10     | Reached skill level 10 in Armour
  9423 | D:10     | Noticed Eustachio
  9466 | D:10     | Killed Eustachio
  9911 | D:11     | Noticed Grum
  9968 | D:11     | Killed Grum
 10049 | D:11     | Noticed Harold
 10061 | D:11     | Killed Harold
 10061 | D:11     | Reached skill level 5 in Throwing
 10061 | D:11     | Reached skill level 13 in Shields
 10190 | D:11     | Reached skill level 1 in Invocations
 10366 | D:11     | Noticed Josephine
 10369 | D:11     | Noticed a troll skeleton
 10373 | D:11     | Killed Josephine
 10396 | D:11     | Killed a troll skeleton
 10607 | D:11     | Found a staircase to the Orcish Mines.
 10858 | D:12     | Noticed Nessos
 10868 | D:12     | Killed Nessos
 10868 | D:12     | Reached XP level 12. HP: 50/102 MP: 6/6
 10914 | D:12     | Noticed Sonja
 10968 | D:12     | Noticed Jozef
 10979 | D:12     | Killed Jozef
 10979 | D:12     | Reached skill level 14 in Shields
 10980 | D:12     | Found Opnil's General Store.
 11212 | D:12     | Killed Sonja
 11332 | D:12     | Paralysed by a giant eyeball for 4 turns
 11437 | D:12     | Noticed Erica
 11445 | D:12     | Killed Erica
 11597 | D:12     | Found a deep blue altar of Sif Muna.
 12050 | D:13     | Noticed Psyche
 12054 | D:13     | Killed Psyche
 12318 | D:13     | Noticed Maurice
 12338 | D:13     | Killed Maurice
 12338 | D:13     | Reached skill level 10 in Fighting
 12563 | D:14     | Entered Level 14 of the Dungeon
 12735 | D:14     | Paralysed by a giant eyeball for 2 turns
 12793 | D:11     | Reached skill level 15 in Shields
 12906 | D:10     | Acquired Okawaru's second power
 12958 | Lair:1   | Entered Level 1 of the Lair of Beasts
 12985 | Lair:1   | Found a deep blue altar of Sif Muna.
 13049 | Lair:1   | Found a crumbling entrance.
 13899 | Lair:2   | Received a gift from Okawaru
 14741 | Lair:3   | Reached XP level 13. HP: 102/111 MP: 8/8
 14841 | Lair:3   | Reached skill level 15 in Maces & Flails
 15074 | Lair:3   | Found a frozen archway.
 15179 | IceCv    | Entered an ice cave
 15784 | IceCv    | Reached skill level 16 in Shields
 16013 | Lair:3   | Reached skill level 1 in Axes
 16080 | Lair:3   | Received a gift from Okawaru
 16617 | Lair:3   | Found a staircase to the Swamp.
 17827 | Lair:1   | You fall through a shaft!
 18501 | Lair:5   | Found a staircase to the Snake Pit.
 19338 | Lair:5   | Reached XP level 14. HP: 71/121 MP: 13/13
 19404 | Lair:6   | Noticed Rupert
 19471 | Lair:6   | Paralysed by Rupert for 5 turns
 19483 | Lair:6   | Killed Rupert
 19483 | Lair:6   | Received a gift from Okawaru
 19550 | Lair:6   | Noticed a spiny worm
 19583 | Lair:6   | Killed a spiny worm
 19733 | Lair:6   | Reached skill level 17 in Shields
 19905 | Lair:6   | Identified a scroll of acquirement
 19916 | Lair:6   | Noticed Wutend's ghost (powerful NaFi)
 19933 | Lair:6   | Killed Wutend's ghost
 21135 | Lair:8   | Entered Level 8 of the Lair of Beasts
 21201 | Lair:8   | Found a staircase to the Slime Pits.
 21383 | Lair:8   | Noticed kobite's ghost (powerful HODK)
 21405 | Lair:8   | Killed kobite's ghost
 21823 | Lair:8   | Noticed Canard's ghost (powerful SpSt)
 21837 | Lair:8   | Killed Canard's ghost
 21837 | Lair:8   | Reached skill level 18 in Maces & Flails
 22659 | Lair:8   | Reached skill level 5 in Invocations
 22659 | Lair:8   | Reached XP level 15. HP: 99/131 MP: 9/18
 23599 | Orc:1    | Entered Level 1 of the Orcish Mines
 23654 | Orc:2    | Received a gift from Okawaru
 23842 | Orc:2    | Received a gift from Okawaru
 24266 | Orc:1    | Found Cledghak's Jewellery Shop.
 24283 | Orc:1    | Received a gift from Okawaru
 24284 | Orc:1    | Got an encrusted spiked flail {god gift}
 24296 | Orc:1    | Identified the spiked flail of Mniesha Dog {god gift, venom, SInv} (Okawaru gifted it to you on level 1 of the Orcish Mines)
 24302 | Orc:1    | Bought an uncursed amulet of the gourmand for 300 gold pieces
 25057 | Orc:3    | Received a gift from Okawaru
 26040 | Orc:3    | Found Phudoas' Jewellery Shoppe.
 26083 | Orc:3    | Received a gift from Okawaru
 26109 | Orc:3    | Bought an uncursed amulet of resist corrosion for 260 gold pieces
 26109 | Orc:3    | Bought a cursed ring of hunger for 26 gold pieces
 26318 | Orc:4    | Entered Level 4 of the Orcish Mines
 26326 | Orc:4    | Noticed Urug
 26339 | Orc:4    | Killed Urug
 26431 | Orc:4    | Received a gift from Okawaru
 26501 | Orc:4    | Received a gift from Okawaru
 26709 | Orc:4    | Found a staircase to the Elven Halls.
 26813 | Orc:4    | Noticed Agnes
 26827 | Orc:4    | Killed Agnes
 27121 | Orc:4    | Received a gift from Okawaru
 27197 | Orc:4    | Received a gift from Okawaru
 27421 | Orc:4    | Noticed an orc high priest
 27432 | Orc:4    | Killed an orc high priest
 27547 | Orc:4    | Reached skill level 19 in Maces & Flails
 27711 | Orc:4    | Found Quky's Magical Wand Emporium.
 27716 | Orc:4    | Found Ypruunk's Assorted Antiques.
 27734 | Orc:4    | Found Chunes' Armour Shoppe.
 27740 | Orc:4    | Found Ipukkufa's Magic Scroll Emporium.
 27778 | Orc:4    | Bought a scroll of enchant weapon I for 93 gold pieces
 27781 | Orc:4    | Bought a scroll of enchant weapon I for 143 gold pieces
 27782 | Orc:4    | Bought a vibrating lapis lazuli ring for 650 gold pieces
 27782 | Orc:4    | Bought a bubbling yellow potion for 23 gold pieces
 27785 | Orc:4    | Identified the ring "Rothriff" (You bought it in a shop on level 4 of the Orcish Mines)
 27790 | Orc:4    | Lost mutation: You digest meat inefficiently.
 27790 | Orc:4    | Lost mutation: You tend to lose your temper in combat.
 28496 | D:14     | Paralysed by a giant eyeball for 3 turns
 28959 | D:14     | Found a gateway to a ziggurat.
 29066 | D:14     | Received a gift from Okawaru
 29848 | D:14     | Found a staircase to the Vaults.
 29888 | D:15     | Entered Level 15 of the Dungeon
 29952 | D:15     | Reached XP level 16. HP: 140/140 MP: 19/19
 30016 | D:15     | Found a flagged portal. 30036
                  | bailey
                  | Entered the bailey
 30239 | D:15     | Noticed a flayed ghost
 30247 | D:15     | Killed a flayed ghost
 30377 | D:15     | Received a gift from Okawaru
 30850 | D:16     | Found a viscous altar of Jiyva.
 31442 | D:16     | Reached skill level 20 in Maces & Flails
 32341 | D:17     | Noticed Louise
 32356 | D:17     | Killed Louise
 32611 | D:17     | Reached skill level 15 in Fighting
 32974 | D:18     | Received a gift from Okawaru
 32980 | D:18     | Got a transparent splint mail {god gift}
 33001 | D:18     | Identified the +6 splint mail of Xyag {god gift} (Okawaru gifted it to you on level 18 of the Dungeon)
 33802 | Swamp:1  | Entered Level 1 of the Swamp
 34048 | Swamp:1  | Reached XP level 17. HP: 118/150 MP: 20/20
 34988 | Swamp:2  | Received a gift from Okawaru
 34989 | Swamp:2  | Got a distressingly furry crystal plate armour {god gift}
 35014 | Swamp:2  | Identified the +1 crystal plate armour of Resourcefulness {god gift} (Okawaru gifted it to you on level 2 of the Swamp)
 36633 | Swamp:4  | Reached skill level 21 in Maces & Flails
 36846 | Swamp:4  | Noticed mws' ghost (powerful DEFE)
 36868 | Swamp:4  | Killed mws' ghost
 37269 | Swamp:5  | Entered Level 5 of the Swamp
 37453 | Swamp:5  | Received a gift from Okawaru
 37775 | Swamp:5  | Noticed the 27-headed Lernaean hydra
 37797 | Swamp:5  | Received a gift from Okawaru
 37844 | Swamp:4  | Received a gift from Okawaru
 38493 | Snake:1  | Entered Level 1 of the Snake Pit
 39523 | Snake:2  | Noticed Mazaa's ghost (mighty OpFE)
 39553 | Snake:2  | Killed Mazaa's ghost
 39553 | Snake:2  | Reached XP level 18. HP: 80/160 MP: 14/21
 40061 | Snake:2  | Received a gift from Okawaru
 40379 | Snake:3  | Noticed Azrael
 40386 | Snake:3  | Killed Azrael
 40391 | Snake:3  | Received a gift from Okawaru
 40901 | Snake:3  | Found Wazowunu's Jewellery Shoppe.
 41308 | Snake:3  | Reached skill level 15 in Armour
 41482 | Snake:4  | Found Quatt's Assorted Antiques.
 41506 | Snake:4  | Bought a scroll of teleportation for 84 gold pieces
 41506 | Snake:4  | Bought a potion of heal wounds for 84 gold pieces
 41597 | Snake:4  | Noticed Frances
 41614 | Snake:4  | Killed Frances
 41637 | Snake:4  | Noticed Wiglaf
 41669 | Snake:4  | Killed Wiglaf
 42850 | Snake:5  | Entered Level 5 of the Snake Pit
 43806 | Snake:5  | Noticed Donald
 43812 | Snake:5  | Killed Donald
 44102 | Snake:5  | HP: 5/161 [greater naga/spear (12)]
 44589 | Snake:5  | Received a gift from Okawaru
 45072 | Vault:1  | Entered Level 1 of the Vaults
 45146 | Vault:1  | Noticed Nergalle
 45157 | Vault:1  | Reached XP level 17. HP: 147/153 MP: 21/21
 45172 | Vault:1  | Reached skill level 22 in Maces & Flails
 45180 | Vault:1  | Killed Nergalle
 45296 | Vault:1  | Found Pukhli Geso's Distillery.
 45320 | Vault:1  | Bought a potion of heal wounds for 36 gold pieces
 45320 | Vault:1  | Bought a potion of curing for 24 gold pieces
 45320 | Vault:1  | Bought a potion of curing for 24 gold pieces
 45320 | Vault:1  | Bought a potion of curing for 24 gold pieces
 45320 | Vault:1  | Bought 2 potions of curing for 48 gold pieces
 45320 | Vault:1  | Bought 2 potions of agility for 60 gold pieces
 45320 | Vault:1  | Bought a potion of restore abilities for 36 gold pieces
 45358 | Vault:1  | Noticed Kirke
 45416 | Vault:1  | Killed Kirke
 45718 | Vault:1  | Got a heavily runed shield
 45726 | Vault:1  | Identified the +0 shield of the Monkey (You acquired it on level 1 of the Vaults)
 45856 | Vault:1  | Received a gift from Okawaru
 46033 | Vault:2  | Found Thikifro's Assorted Antiques.
 46230 | Vault:2  | Reached XP level 18. HP: 114/162 MP: 22/22
 46322 | Vault:2  | Received a gift from Okawaru
 46836 | Vault:2  | Received a gift from Okawaru
 46837 | Vault:2  | Got a polished eveningstar {god gift}
 46850 | Vault:2  | Identified the eveningstar "Duigy" {god gift, speed, rF+ rC+ Int+2} (Okawaru gifted it to you on level 2 of the Vaults)
 47007 | Vault:3  | Noticed Roxanne
 47086 | Vault:3  | Found Qiozistri's Book Boutique.
 47263 | Vault:3  | Noticed Norris
 47285 | Vault:3  | Killed Norris
 47496 | Vault:3  | Noticed Snorg
 47502 | Vault:3  | Killed Snorg
 47579 | Vault:3  | Received a gift from Okawaru
 47731 | Vault:3  | Killed Roxanne
 48262 | Vault:4  | Found a staircase to the Hall of Blades.
 48270 | Vault:4  | Received a gift from Okawaru
 48524 | Vault:4  | Found a portal to a secret trove of treasure.
 48575 | Vault:4  | Received a gift from Okawaru
 48733 | Vault:4  | Found a staircase to the Crypt.
 49080 | Vault:5  | Reached XP level 19. HP: 166/172 MP: 23/23
 49217 | Vault:5  | Noticed Mara
 49223 | Vault:5  | Noticed delta's illusion
 49259 | Vault:5  | Killed delta's illusion
 49260 | Vault:5  | Reached XP level 18. HP: 122/164 MP: 18/22
 49267 | Vault:5  | Killed Mara
 49267 | Vault:5  | Reached XP level 19. HP: 103/172 MP: 18/23
 49267 | Vault:5  | Reached XP level 18. HP: 92/164 MP: 17/22
 49389 | Vault:5  | Reached skill level 23 in Maces & Flails
 49691 | Vault:5  | Identified a +4 rod of destruction [inacc,magma,cold] (12/12) (You found it on level 5 of the Vaults)
 50060 | Vault:5  | Got a fine leather armour
 50086 | Vault:5  | Identified the cursed -3 leather armour "Counaf" (You found it on level 5 of the Vaults)
 50149 | Vault:5  | Reached XP level 19. HP: 163/172 MP: 23/23
 50405 | Vault:6  | Received a gift from Okawaru
 50866 | Vault:6  | Noticed Xtahua
 50882 | Vault:6  | Killed Xtahua
 51026 | Vault:7  | Received a gift from Okawaru
 51156 | Vault:7  | Paralysed by an ogre mage for 3 turns
 51162 | Vault:7  | Received a gift from Okawaru
 52276 | Blade    | Entered the Hall of Blades
 52882 | Crypt:1  | Entered Level 1 of the Crypt
 54494 | Crypt:2  | Reached XP level 20. HP: 157/185 MP: 23/23
 55018 | Crypt:2  | Reached skill level 24 in Maces & Flails
 55042 | Crypt:2  | Received a gift from Okawaru
 55835 | Crypt:3  | Noticed Saint Roka
 55882 | Crypt:3  | Killed Saint Roka
 56057 | Crypt:3  | Found a staircase to the Tomb.
 56179 | Crypt:3  | Noticed a large abomination
 56180 | Crypt:3  | Noticed a reaper
 56183 | Crypt:3  | Noticed a small abomination
 56209 | Crypt:3  | Killed a reaper
 56210 | Crypt:3  | Killed a small abomination
 56225 | Crypt:3  | Killed a large abomination
 57202 | Crypt:3  | Got a pair of encrusted gloves
 57206 | Crypt:3  | Identified the +1 pair of gloves of Infinity (You found it on level 3 of the Crypt)
 58066 | Crypt:4  | Found a magical portal.
 58171 | WizLab   | Entered Zonguldrok's Shrine
 58223 | WizLab   | Received a gift from Okawaru
 58569 | WizLab   | Received a gift from Okawaru
 58802 | WizLab   | Noticed an antique lich
 58808 | WizLab   | Killed an antique lich
 58808 | WizLab   | Reached XP level 21. HP: 189/193 MP: 17/25
 58954 | Crypt:4  | Noticed an ancient lich
 58964 | Crypt:4  | Reached XP level 20. HP: 138/186 MP: 17/24
 58968 | Crypt:4  | Killed an ancient lich
 58968 | Crypt:4  | Reached XP level 21. HP: 90/195 MP: 17/25
 59815 | D:19     | Found a labyrinth entrance.
 59834 | Lab      | Entered a Labyrinth
 60300 | D:19     | Received a gift from Okawaru
 60429 | D:19     | Received a gift from Okawaru
 61398 | D:20     | Entered Level 20 of the Dungeon
 61601 | D:20     | Got a brightly glowing garnet amulet
 61602 | D:20     | Identified the amulet "Tedghoc" (You found it on level 20 of the Dungeon)
 61984 | D:21     | Received a gift from Okawaru
 62042 | D:21     | Found a gateway to Hell.
 62131 | D:21     | Reached skill level 25 in Maces & Flails
 62161 | D:21     | Received a gift from Okawaru
 62312 | D:21     | Noticed a deep elf mage
 62313 | D:21     | Noticed a deep elf mage
 62315 | D:21     | Killed a deep elf mage
 62319 | D:21     | Killed a deep elf mage
 62469 | D:22     | Found a one-way gate to the infinite horrors of the Abyss.
 62532 | D:22     | Found a one-way gate leading to the halls of Pandemonium.
 62671 | D:22     | Got a pair of bloodstained gloves
 62675 | D:22     | Identified the -3 pair of gloves of Fun (You acquired it on level 22 of the Dungeon)
 63056 | D:23     | Found Cler's Distillery.
 63084 | D:23     | Received a gift from Okawaru
 63216 | D:23     | Bought a potion of speed for 115 gold pieces
 63216 | D:23     | Bought a potion of curing for 42 gold pieces
 63216 | D:23     | Bought a potion of restore abilities for 63 gold pieces
 63216 | D:23     | Bought a potion of restore abilities for 63 gold pieces
 63216 | D:23     | Bought a potion of might for 52 gold pieces
 63228 | D:23     | Got a faintly glowing cloak
 63232 | D:23     | Identified the -5 cloak of the Gastropod (You acquired it on level 23 of the Dungeon)
 63378 | D:23     | Received a gift from Okawaru
 63404 | D:23     | Identified a +2 pair of dwarven boots of running {god gift} (Okawaru gifted it to you on level 23 of the Dungeon)
 63450 | D:23     | You fall through a shaft!
 63450 | D:25     | Entered Level 25 of the Dungeon
 63621 | D:24     | Found Pall's Antique Armour Shop.
 63647 | D:24     | Bought an embroidered cap for 120 gold pieces
 63747 | D:23     | Reached XP level 22. HP: 169/201 MP: 26/26
 63857 | D:23     | Noticed a deep elf priest
 63861 | D:23     | Noticed a deep elf mage
 63863 | D:23     | Killed a deep elf priest
 63872 | D:23     | Killed a deep elf mage
 65051 | D:24     | Found Ocraotsa's General Store.
 65060 | D:24     | Bought a scroll of identify for 28 gold pieces
 65136 | D:24     | Paralysed by a Zot trap for 3 turns
 65384 | D:24     | Found Mnompine's General Store.
 65392 | D:24     | Bought a scroll of enchant weapon III for 340 gold pieces
 65475 | D:24     | Found Stovve Samy's Antique Armour Emporium.
 65495 | D:24     | Bought a glowing dwarven cloak for 48 gold pieces
 65495 | D:24     | Bought a runed orcish cloak for 32 gold pieces
 65948 | D:24     | Got a pitted leather armour
 65964 | D:24     | Identified the +1 leather armour "Ankisog" (You found it on level 24 of the Dungeon)
 66207 | D:25     | Found Thaung's Antique Weapon Emporium.
 66213 | D:25     | Bought a brightly glowing morningstar for 189 gold pieces
 66219 | D:25     | Identified the cursed morningstar "Clasolee" {flame, rF+ Str+3} (You bought it in a shop on level 25 of the Dungeon)
 66489 | D:24     | Bought a glowing plate armour for 920 gold pieces
 66644 | D:25     | Received a gift from Okawaru
 66695 | D:25     | Got an iridescent spiked flail {god gift}
 66696 | D:25     | Identified the spiked flail of Chagrin {god gift, vamp, rF+ MR Str+2} (Okawaru gifted it to you on level 25 of the Dungeon)
 66761 | D:25     | Found Moucweg's Jewellery Shoppe.
 66781 | D:25     | Bought the ring of Wierasiysu {Hunger- rC+} for 661 gold pieces
 67715 | D:26     | Found Muacalis' Distillery.
 67723 | D:26     | Bought a potion of curing for 44 gold pieces
 67723 | D:26     | Bought 3 potions of curing for 132 gold pieces
 67723 | D:26     | Bought a potion of heal wounds for 66 gold pieces
 67723 | D:26     | Bought a potion of curing for 44 gold pieces
 67898 | D:26     | Found a snail-covered altar of Cheibriados.
 67954 | D:26     | Received a gift from Okawaru
 67959 | D:26     | Found Vumnoves' General Store.
 67965 | D:26     | Bought a scroll of enchant weapon I for 93 gold pieces
 68087 | D:26     | Received a gift from Okawaru
 68348 | D:26     | Reached skill level 26 in Maces & Flails
 68989 | D:26     | Found Kleapt's Magic Scroll Shoppe.
 69066 | D:26     | Reached XP level 23. HP: 175/221 MP: 27/27
 69261 | D:27     | Entered Level 27 of the Dungeon
 69517 | D:27     | Noticed a pulsating lump
 69518 | D:27     | a pulsating lump changed into a death drake
 70044 | D:27     | Noticed a guardian serpent
 70044 | D:27     | a merfolk changed into a guardian serpent
 70046 | D:27     | Noticed an iron dragon
 70049 | D:27     | a guardian serpent changed into a swamp dragon
 70140 | D:27     | Received a gift from Okawaru
 70336 | D:27     | Noticed a shining eye
 70673 | Abyss    | Entered The Abyss
 70822 | Abyss    | Found a corrupted altar of Lugonu.
 70928 | Abyss    | Noticed a giant eyeball
 70937 | Abyss    | Killed a giant eyeball
 71054 | Abyss    | Received a gift from Okawaru
 71067 | Abyss    | Got a heavily runed scale mail {god gift}
 71087 | Abyss    | Identified the +6 scale mail "Biynytec" {god gift} (Okawaru gifted it to you in the Abyss)
 71573 | Abyss    | Noticed a grey draconian
 71584 | Abyss    | Killed a grey draconian
 71717 | Abyss    | Found a corrupted altar of Lugonu.
 71901 | Abyss    | Noticed a sea snake simulacrum
 71908 | Abyss    | Killed a sea snake simulacrum
 72532 | Abyss    | Gained mutation: You are weak (Str -1).
 72677 | Abyss    | Noticed a red devil
 72682 | Abyss    | Killed a red devil
 73016 | Abyss    | Found a corrupted altar of Lugonu.
 73093 | Abyss    | Gained mutation: You cover ground slowly.
 73230 | Abyss    | Received a gift from Okawaru
 73281 | Abyss    | Noticed a daeva
 73290 | Abyss    | Killed a daeva
 73327 | Abyss    | Noticed a purple draconian
 73340 | Abyss    | Killed a purple draconian
 73451 | Abyss    | Received a gift from Okawaru
 73755 | Abyss    | Found a corrupted altar of Lugonu.
 73755 | Abyss    | Found a corrupted altar of Lugonu.
 73823 | Abyss    | Noticed an angel
 73837 | Abyss    | Killed an angel
 73912 | Abyss    | Reached skill level 27 in Maces & Flails
 73931 | Abyss    | Noticed a white draconian
 73944 | Abyss    | Killed a white draconian
 74024 | Abyss    | Reached XP level 24. HP: 148/235 MP: 27/27
 74098 | Abyss    | Received a gift from Okawaru
 74540 | Abyss    | Noticed an eye of devastation
 74546 | Abyss    | Killed an eye of devastation
 74908 | Abyss    | Found an iron altar of Okawaru.
 74926 | Abyss    | Found a corrupted altar of Lugonu.
 74960 | Abyss    | Noticed a shining eye
 74966 | Abyss    | Gained mutation: Your magical capacity is low (-10% MP).
 74970 | Abyss    | Killed a shining eye
 75096 | Abyss    | Noticed a daeva
 75115 | Abyss    | Killed a daeva
 75178 | Abyss    | Found a sparkling altar of Nemelex Xobeh.
 75192 | Abyss    | Found a sparkling altar of Nemelex Xobeh.
 75235 | Abyss    | Found a sparkling altar of Nemelex Xobeh.
 75543 | Abyss    | Found a corrupted altar of Lugonu.
 75733 | Abyss    | Noticed an eidolon
 75734 | Abyss    | Noticed a clay golem
 75739 | Abyss    | Killed an eidolon
 75749 | Abyss    | Killed a clay golem
 76201 | Abyss    | Noticed a tentacled monstrosity
 76201 | Abyss    | Noticed a tentacled monstrosity
 76463 | Abyss    | Received a gift from Okawaru
 76818 | Abyss    | Noticed an earth elemental
 76820 | Abyss    | Noticed a stone golem
 76822 | Abyss    | Noticed a stone golem
 76822 | Abyss    | Noticed an earth elemental
 76892 | Abyss    | Noticed a sky beast
 76899 | Abyss    | Killed a sky beast
 77021 | Abyss    | Noticed a grey draconian shifter
 77051 | Abyss    | Killed a grey draconian shifter
 77095 | Abyss    | Found a corrupted altar of Lugonu.
 77419 | Abyss    | Noticed a naga warrior
 77442 | Abyss    | Killed a naga warrior
 77588 | Abyss    | Got a steaming cloak
 77594 | Abyss    | Identified the +3 cloak "Sidiqaph" (You acquired it in the Abyss)
 77960 | Abyss    | Noticed an angel
 77985 | Abyss    | Killed an angel
 78112 | Abyss    | Gained mutation: You are dopey (Int -1).
 78200 | Abyss    | Received a gift from Okawaru
 78218 | Abyss    | Noticed a silent spectre
 78247 | Abyss    | Killed a silent spectre
 78271 | Abyss    | Found a corrupted altar of Lugonu.
 78291 | Abyss    | Got an abyssal rune of Zot
 78336 | Abyss    | Noticed a white draconian simulacrum
 78375 | Abyss    | Noticed a shadow demon
 78383 | Abyss    | Noticed a red devil
 78390 | Abyss    | Killed a shadow demon
 78410 | Abyss    | Killed a red devil
 78416 | Abyss    | Noticed an eidolon
 78420 | Abyss    | Killed an eidolon
 78587 | Abyss    | Noticed a giant eyeball
 78596 | Abyss    | Killed a giant eyeball
 78618 | Abyss    | Gained mutation: You are clumsy (Dex -1).
 78795 | Abyss    | Gained mutation: You occasionally shout uncontrollably.
 78878 | Abyss    | Noticed a daeva
 78909 | Abyss    | Killed a daeva
 78969 | Abyss    | Lost mutation: You are clumsy (Dex -1).
 78969 | Abyss    | Lost mutation: You are weak (Str -1).
 78969 | Abyss    | Lost mutation: You are dopey (Int -1).
 78969 | Abyss    | Lost mutation: You are surrounded by a mild repulsion field (EV +2).
 78969 | Abyss    | Lost mutation: You cover ground slowly.
 79057 | Abyss    | Noticed an angel
 79077 | Abyss    | Killed an angel
 79100 | Abyss    | Noticed a green draconian knight
 79115 | Abyss    | Killed a green draconian knight
 79115 | Abyss    | Reached XP level 25. HP: 225/247 MP: 24/24
 79325 | Abyss    | Noticed a fire elemental
 79329 | D:25     | You pass through the gate. 79919
                  | trove
                  | Entered a treasure trove 79934
                  | trove
                  | Got a brightly glowing silver ring 79937
                  | trove
                  | Got a smoking copper ring
 80275 | Vault:4  | Identified the ring "Qiofit" (You found it in a treasure trove)
 80276 | Vault:4  | Identified the ring "Sytzat" (You found it in a treasure trove)
 80671 | Vault:8  | Entered Level 8 of the Vaults
 80673 | Vault:8  | Noticed a quicksilver dragon
 80742 | Vault:7  | Received a gift from Okawaru
 80779 | Vault:7  | Got a twisted hand axe {god gift}
 80780 | Vault:7  | Identified the hand axe of Vetsesygh {god gift, elec, rElec SInv} (Okawaru gifted it to you on level 7 of the Vaults)
 80804 | Vault:7  | Killed a quicksilver dragon
 81173 | Vault:8  | Paralysed by a great orb of eyes for 4 turns
 81647 | Vault:8  | Noticed Boris
 81658 | Vault:8  | Killed Boris
 82115 | Vault:8  | Received a gift from Okawaru
 82202 | Vault:8  | Found Nats' Weapon Shoppe.
 82301 | Vault:8  | Noticed an iron dragon
 82313 | Vault:8  | Killed an iron dragon
 83353 | Vault:7  | Received a gift from Okawaru
 83801 | Vault:8  | Got a silver rune of Zot
 83843 | Vault:8  | Noticed an iron dragon
 83858 | Vault:8  | Killed an iron dragon
 83950 | Vault:8  | Got a yellowed book
 83951 | Vault:8  | Identified the Almanac of Dislocation (You found it on level 8 of the Vaults)
 84705 | Swamp:5  | Killed the 27-headed Lernaean hydra
 84707 | Swamp:5  | Received a gift from Okawaru
 85233 | Swamp:5  | Got a decaying rune of Zot
 86611 | Snake:5  | Reached skill level 27 in Shields
 87041 | Snake:5  | Got a serpentine rune of Zot
 87312 | Slime:1  | Entered Level 1 of the Pits of Slime
 87505 | Slime:1  | Reached skill level 27 in Fighting
 87592 | Slime:2  | Reached XP level 26. HP: 242/259 MP: 17/26
 87708 | Slime:3  | Gained mutation: You heal slowly.
 88047 | Slime:3  | Paralysed by a giant eyeball for 3 turns
 88055 | Slime:3  | Paralysed by a giant eyeball for 3 turns
 88261 | Slime:4  | Gained mutation: You are clumsy (Dex -1).
 88274 | Slime:4  | Reached skill level 5 in Traps & Doors
 88283 | Slime:4  | Received a gift from Okawaru
 88313 | Slime:4  | Got a crude crystal plate armour {god gift}
 88340 | Slime:4  | Identified the +8 crystal plate armour of the Original Sin {god gift} (Okawaru gifted it to you on level 4 of the Pits of Slime)
 88351 | Slime:4  | Noticed Dissolution
 88355 | Slime:4  | Paralysed by a giant eyeball for 4 turns
 88362 | Slime:4  | Gained mutation: Your vision is a little blurry.
 88369 | Slime:4  | Killed Dissolution
 88369 | Slime:4  | Paralysed by a giant eyeball for 3 turns
 88435 | Slime:6  | Entered Level 6 of the Pits of Slime
 88439 | Slime:6  | Gained mutation: Your body is slowly deteriorating.
 88444 | Slime:6  | Reached skill level 10 in Throwing
 88464 | Slime:6  | Noticed the royal jelly
 88478 | Slime:6  | Killed the royal jelly
 88651 | Slime:6  | Got a slimy rune of Zot
 88889 | Slime:6  | Got an antique book
 88890 | Slime:6  | Identified the Grimoire of Snow and Creation (You found it on level 6 of the Pits of Slime)
 88900 | Slime:6  | Got a pitted ankus
 88901 | Slime:6  | Identified the cursed ankus of Death {pierce, +Inv} (You found it on level 6 of the Pits of Slime)
 88916 | Slime:6  | Got a transparent splint mail
 88948 | Slime:6  | Identified the cursed +0 splint mail of the Sun (You found it on level 6 of the Pits of Slime)
 89762 | Vault:4  | Lost mutation: Your body is slowly deteriorating.
 89762 | Vault:4  | Lost mutation: Your magical capacity is low (-10% MP).
 89762 | Vault:4  | Lost mutation: Your vision is a little blurry.
 89762 | Vault:4  | Lost mutation: You are clumsy (Dex -1).
 89762 | Vault:4  | Lost mutation: You heal slowly.
 89984 | Elf:1    | Entered Level 1 of the Elven Halls
 91064 | Elf:2    | Got an encrusted demon whip
 91065 | Elf:2    | Identified the cursed demon whip of Sytu {pain, rF+ Dex-4 Int+1} (You found it on level 2 of the Elven Halls)
 91134 | Elf:2    | Found Voifuecrocs' Magical Wand Shop.
 91539 | Elf:2    | Found Recet's Magic Scroll Emporium.
 91584 | Elf:2    | Bought a scroll of recharging for 88 gold pieces
 92094 | Elf:3    | Received a gift from Okawaru
 92399 | Elf:3    | Received a gift from Okawaru
 93255 | Elf:5    | Entered Level 5 of the Elven Halls
 93371 | Elf:5    | Found Ysaz's Assorted Antiques.
 93783 | Elf:5    | Noticed Boris
 93806 | Elf:5    | Killed Boris
 94149 | Elf:5    | Noticed a deep elf master archer
 94157 | Elf:5    | Killed a deep elf master archer
 94160 | Elf:5    | Noticed a deep elf master archer
 94170 | Elf:5    | Killed a deep elf master archer
 94329 | Elf:5    | Got a crystal amulet
 94383 | Elf:5    | Identified the amulet of Cekugob (You found it on level 5 of the Elven Halls)
 94392 | Elf:5    | Got an inconspicuous book
 94895 | Elf:5    | Noticed a deep elf master archer
 94942 | Elf:5    | Killed a deep elf master archer
 94990 | Elf:5    | Noticed a deep elf blademaster
 95003 | Elf:5    | Killed a deep elf blademaster
 95286 | Elf:5    | Noticed a deep elf blademaster
 95298 | Elf:5    | Killed a deep elf blademaster
 95310 | Elf:5    | Noticed a deep elf master archer
 95321 | Elf:5    | Killed a deep elf master archer
 96000 | Crypt:5  | Entered Level 5 of the Crypt
 96314 | Crypt:5  | Reached skill level 5 in Evocations
 96952 | Crypt:5  | Received a gift from Okawaru
 96955 | Crypt:5  | Got a pair of distressingly furry gloves {god gift}
 96959 | Crypt:5  | Identified the +2 pair of gloves of Peek-a-Boo {god gift} (Okawaru gifted it to you on level 5 of the Crypt)
 97332 | Crypt:5  | Found an ancient bone altar of Kikubaaqudgha.
 97743 | Crypt:5  | Noticed a lich
 97750 | Crypt:5  | Killed a lich
 98418 | Crypt:5  | Noticed a lich
 98423 | Crypt:5  | Paralysed by a lich for 5 turns
 98430 | Crypt:5  | Killed a lich
 99148 | Hell     | Entered the Vestibule of Hell
 99148 | Hell     | Noticed Geryon
 99252 | Hell     | Killed Geryon
 99283 | Hell     | Reached XP level 27. HP: 179/269 MP: 30/30
 99478 | Hell     | Found a gateway to the Iron City of Dis.
 99577 | Hell     | Found a gateway to the ashen valley of Gehenna.
 99660 | Hell     | Found a gateway to the freezing wastes of Cocytus.
 99690 | Hell     | Received a gift from Okawaru
 99717 | Hell     | Reached XP level 26. HP: 218/259 MP: 30/30
 99917 | Hell     | Reached XP level 27. HP: 257/269 MP: 31/31
 99936 | Hell     | Found a gateway to the decaying netherworld of Tartarus.
 99939 | Hell     | Reached XP level 26. HP: 259/259 MP: 30/30
100978 | Zot:1    | Entered Level 1 of the Realm of Zot
101040 | Zot:1    | Got a great steel mace
101516 | Zot:1    | Reached XP level 27. HP: 263/269 MP: 31/31
101541 | Zot:1    | Reached skill level 10 in Traps & Doors
101868 | Zot:2    | Received a gift from Okawaru
103269 | Elf:5    | Bought a scroll of enchant armour for 99 gold pieces
104301 | Zot:2    | Received a gift from Okawaru
104567 | Zot:2    | Reached skill level 10 in Invocations
105523 | Zot:3    | Got a rare book
105524 | Zot:3    | Identified Pnifelak's Tome of Summoning (You found it on level 3 of the Realm of Zot)
105564 | Zot:3    | Received a gift from Okawaru
105629 | Zot:3    | Noticed an orb of fire
105630 | Zot:3    | Gained mutation: You are dopey (Int -1).
106379 | Zot:3    | Reached skill level 27 in Armour
106406 | Zot:3    | Received a gift from Okawaru
106809 | Zot:3    | Gained mutation: Space occasionally distorts in your vicinity.
106809 | Zot:3    | Gained mutation: Armour fits poorly on your strangely shaped body.
106818 | Zot:3    | Killed an orb of fire
107300 | Zot:4    | Received a gift from Okawaru
107312 | Zot:4    | Got a black book
107313 | Zot:4    | Identified the Catalogue of Execration (You found it on level 4 of the Realm of Zot)
107887 | Zot:4    | Received a gift from Okawaru
108346 | Zot:5    | Entered Level 5 of the Realm of Zot
108445 | D:26     | Bought a potion of cure mutation for 770 gold pieces
108447 | D:26     | Lost mutation: You are dopey (Int -1).
108447 | D:26     | Lost mutation: You occasionally shout uncontrollably.
108447 | D:26     | Lost mutation: Armour fits poorly on your strangely shaped body.
108447 | D:26     | Lost mutation: Space occasionally distorts in your vicinity.
110938 | Abyss    | Found a corrupted altar of Lugonu.
111180 | Abyss    | Found a corrupted altar of Lugonu.
111484 | Abyss    | Noticed a shadow demon
111518 | Abyss    | Killed a shadow demon
112348 | Abyss    | Gained mutation: You are dopey (Int -1).
112351 | Abyss    | Gained mutation: You are weak (Str -1).
112353 | Abyss    | Noticed a giant slug simulacrum
112361 | Abyss    | Killed a giant slug simulacrum
112627 | Abyss    | Noticed an ancient lich
112628 | Abyss    | Noticed a flayed ghost
112631 | Abyss    | Noticed a red draconian simulacrum
112633 | Abyss    | Killed a flayed ghost
112643 | Abyss    | Killed an ancient lich
112659 | Abyss    | Killed a red draconian simulacrum
112905 | Abyss    | Noticed a hell knight
112907 | Abyss    | Noticed a necromancer
112912 | Abyss    | Noticed a necromancer
112914 | Abyss    | Noticed a hell knight
113209 | Abyss    | Noticed a wizard
113215 | Abyss    | Killed a wizard
113238 | Abyss    | Received a gift from Okawaru
113250 | Abyss    | Noticed a siren simulacrum
113252 | Abyss    | Noticed an elven long sword
113254 | Abyss    | Killed a siren simulacrum
113259 | Abyss    | Killed an elven long sword
114501 | Abyss    | Found an iron altar of Okawaru.
114504 | Abyss    | Found an iron altar of Okawaru.
115203 | Abyss    | Received a gift from Okawaru
115436 | Abyss    | Noticed a naga mage
115442 | Abyss    | Gained mutation: You are frail (-10% HP).
115443 | Abyss    | Gained mutation: You are clumsy (Dex -1).
115450 | Abyss    | Noticed a stone golem
115456 | Abyss    | Killed a naga mage
115479 | Abyss    | Killed a stone golem
115479 | Abyss    | Found a roughly hewn altar of Beogh.
115668 | Abyss    | Received a gift from Okawaru
115668 | Abyss    | Noticed an ancient lich
115677 | Abyss    | Killed an ancient lich
115678 | Abyss    | Gained mutation: You heal slowly.
116003 | Abyss    | Noticed a green draconian
116010 | Abyss    | Killed a green draconian
116120 | Abyss    | Noticed a spiny worm
116130 | Abyss    | Killed a spiny worm
116260 | D:22     | You pass through the gate.
116557 | Pan      | Entered Pandemonium
116611 | Pan      | Reached skill level 15 in Traps & Doors
116946 | Pan      | Got a shimmering granite ring
116947 | Pan      | Identified the ring "Frunaun" (You found it in Pandemonium)
117076 | Pan      | Noticed Plown the pandemonium lord
117087 | Pan      | Killed Plown the pandemonium lord
117087 | Pan      | Reached skill level 15 in Throwing
118345 | Pan      | Found a gateway to a ziggurat.
119391 | Pan      | Noticed Evusm the pandemonium lord
119405 | Pan      | Mangled by Evusm the pandemonium lord
